[Event "Titled Tuesday Blitz August 08 Late 2023"]
[White "Skvortsov, Andrei"]
[Black "Gaal, Zsoka"]
[WhiteFideId "24108600"]
[BlackFideId "777765"]
[WhiteElo "2698"]
[BlackElo "2481"]
[Result "1-0"]
[Round "5"]
[TimeControl "180+1"]
[Date "2023.08.08"]
[WhiteClock "0:01:41"]
[BlackClock "0:00:01"]
[Board "72"]

1. e4 e5 2. d4 exd4 3. Qxd4 Nc6 4. Qd3 d6 5. Nc3 Nf6 6. Nf3 Be7 7. Bf4 Be6 8. Be2 h6 9. a3 O-O 10. Nd5 Nd7 11. Nxe7+ Qxe7 12. O-O Nc5 13. Qe3 Bg4 14. Nd2 Bxe2 15. Qxe2 a5 16. Rfe1 Rae8 17. f3 Qe6 18. Qc4 Qxc4 19. Nxc4 b5 20. Nxd6 cxd6 21. Bxd6 Ne6 22. Bxf8 Kxf8 23. c3 a4 24. Rad1 Ne5 25. Rd5 Nc7 26. Rc5 Nd3 27. Rxc7 Nxe1 28. Rd7 Re7 29. Rd8+ Re8 30. Rd2 f5 31. exf5 Kf7 32. Kf2 Kf6 33. g4 h5 34. h3 hxg4 35. hxg4 Kg5 36. Rd6 Kf4 37. Rd4+ Kg5 38. Rd5 Nc2 39. Rxb5 Ne3 40. Rb7 Kf6 41. Rb6+ Kg5 42. Kg3 Nf1+ 43. Kg2 Ne3+ 44. Kf2 Nd1+ 45. Kg3 Re1 46. Rg6# 1-0


[Site "https://www.chess.com"]

[Event "Titled Tuesday Blitz August 08 Late 2023"]
[White "Luczak, Filip"]
[Black "Fiorito, Joaquin"]
[WhiteFideId "1193686"]
[BlackFideId "180173"]
[WhiteElo "2477"]
[BlackElo "2696"]
[Result "0-1"]
[Round "5"]
[TimeControl "180+1"]
[Date "2023.08.08"]
[WhiteClock "0:00:16"]
[BlackClock "0:00:17"]
[Board "73"]

1. Nf3 d5 2. c4 e6 3. g3 Nf6 4. Bg2 dxc4 5. Qa4+ Nbd7 6. Qxc4 a6 7. Qc2 b5 8. Nd4 Nb6 9. Bxa8 Qxd4 10. Qxc7 Bd6 11. Bc6+ Nfd7 12. Bxd7+ Bxd7 13. Qc3 Qd5 14. O-O h5 15. Qxg7 Be5 16. Qg5 h4 17. Nc3 Qd6 18. d4 Bxd4 19. Bf4 e5 20. Ne4 Qe7 21. Qxe7+ Kxe7 22. Bg5+ Ke6 23. Bxh4 Bc6 24. Nc3 b4 25. Nd1 Bb5 26. Re1 Nc4 27. e3 Nd2 28. Kg2 Bc6+ 29. e4 f5 30. f3 fxe4 31. fxe4 Nxe4 32. Kf1 Rf8+ 33. Ke2 Bb5# 0-1


[Site "https://www.chess.com"]

[Event "Titled Tuesday Blitz August 08 Late 2023"]
[White "Garakov, Mikhael"]
[Black "Hoang, Thi Bao Tram"]
[WhiteFideId "4169034"]
[BlackFideId "12401102"]
[WhiteElo "2470"]
[BlackElo "2680"]
[Result "1-0"]
[Round "5"]
[TimeControl "180+1"]
[Date "2023.08.08"]
[WhiteClock "0:00:20"]
[BlackClock "0:00:06"]
[Board "74"]

1. e4 c6 2. d4 d5 3. exd5 cxd5 4. c4 Nf6 5. Nc3 Nc6 6. Nf3 Be6 7. c5 g6 8. Be2 Bg7 9. O-O O-O 10. Be3 Ne4 11. Rc1 Qd7 12. a3 Bg4 13. b4 Bxf3 14. Bxf3 f5 15. Ne2 Rad8 16. b5 Na5 17. Qa4 Nc4 18. Rxc4 dxc4 19. Qxc4+ Kh8 20. Nf4 e5 21. dxe5 Bxe5 22. Ne6 Qf7 23. Rc1 Bb2 24. Nxd8 Qxc4 25. Rxc4 Rxd8 26. c6 bxc6 27. bxc6 Nd6 28. Rc2 Be5 29. Bxa7 Ra8 30. Bc5 Rc8 31. a4 Kg7 32. a5 Nb5 33. a6 Nd4 34. Bxd4 Bxd4 35. c7 Kf6 36. Bb7 Re8 37. g3 1-0


[Site "https://www.chess.com"]

[Event "Titled Tuesday Blitz August 08 Late 2023"]
[White "Eugene, Floryan"]
[Black "Cheer_Down"]
[WhiteFideId "20694784"]
[WhiteElo "2657"]
[BlackElo "2472"]
[Result "1-0"]
[Round "5"]
[TimeControl "180+1"]
[Date "2023.08.08"]
[WhiteClock "0:00:15"]
[BlackClock "0:00:18"]
[Board "75"]

1. e4 e5 2. Nf3 Nc6 3. d4 exd4 4. Nxd4 Nf6 5. Nxc6 bxc6 6. e5 Qe7 7. Qe2 Nd5 8. h4 Qe6 9. g3 Nb4 10. c4 c5 11. Bg2 Rb8 12. Nc3 Bb7 13. Bxb7 Rxb7 14. O-O Be7 15. Qe4 Nc6 16. Nd5 O-O 17. Re1 f5 18. exf6 Bxf6 19. Qxe6+ dxe6 20. Rxe6 Nd4 21. Nxf6+ Rxf6 22. Rxf6 gxf6 23. b3 a5 24. Be3 a4 25. Bxd4 cxd4 26. bxa4 Rb4 27. a5 Rxc4 28. a4 Rc6 29. a6 Rxa6 30. a5 c5 31. Kf1 Kf7 32. Ke2 Ke6 33. Kd3 Kd5 34. Ra4 h5 35. f3 f5 36. f4 Re6 37. a6 c4+ 38. Kd2 Re8 39. a7 Ra8 40. Ra5+ Ke4 41. Ke2 d3+ 42. Kd2 Kd4 43. Ra4 Kc5 44. Kc3 Kb5 45. Rb4+ Kc5 46. Rxc4+ Kd5 47. Rd4+ Ke6 48. Ra4 Rc8+ 49. Kxd3 Ra8 50. Kd4 Kd6 51. Ra6+ Ke7 52. Ke5 Kf7 53. Kxf5 1-0


[Site "https://www.chess.com"]

[Event "Titled Tuesday Blitz August 08 Late 2023"]
[White "Fisher_TheGalactic"]
[Black "Zeman, Matyas"]
[BlackFideId "364398"]
[WhiteElo "2655"]
[BlackElo "2470"]
[Result "0-1"]
[Round "5"]
[TimeControl "180+1"]
[Date "2023.08.08"]
[WhiteClock "0:00:00"]
[BlackClock "0:00:16"]
[Board "76"]

1. e4 e6 2. d4 d5 3. Nd2 Nc6 4. Ngf3 Nf6 5. e5 Nd7 6. Bb5 a6 7. Bxc6 bxc6 8. O-O c5 9. c3 cxd4 10. cxd4 c5 11. Re1 h6 12. b3 a5 13. Ba3 a4 14. bxa4 c4 15. Bxf8 Kxf8 16. Re3 Qc7 17. Nh4 Nb6 18. Rf3 Nxa4 19. Ng6+ Kg8 20. Nxh8 Kxh8 21. g4 Qe7 22. h4 Nb2 23. Qc2 Nd3 24. h5 Bd7 25. Nf1 Be8 26. a4 Qg5 27. Ne3 Rxa4 28. Rb1 Ra8 29. Qc3 Nf4 30. Qc2 Nxh5 31. Ng2 Qxg4 32. Qd1 g5 33. Re3 Qxd1+ 34. Rxd1 Ng7 35. Ne1 Nf5 36. Rc3 Ra2 37. Nf3 Ba4 38. Rb1 Bb3 39. Rbc1 Kg7 40. Kg2 g4 41. Nh2 h5 42. Kg1 Nxd4 43. Kg2 Ne2 44. Rxb3 cxb3 45. Rc7 b2 46. Rb7 Nc3 0-1


[Site "https://www.chess.com"]

[Event "Titled Tuesday Blitz August 08 Late 2023"]
[White "KrokerGuy"]
[Black "Domingo Nunez, Ruben"]
[BlackFideId "22245570"]
[WhiteElo "2469"]
[BlackElo "2625"]
[Result "0-1"]
[Round "5"]
[TimeControl "180+1"]
[Date "2023.08.08"]
[WhiteClock "0:01:25"]
[BlackClock "0:02:30"]
[Board "77"]

1. e4 g6 2. d4 Bg7 3. Nc3 c6 4. Nf3 d5 5. e5 f6 6. exf6 Nxf6 7. Be3 Bg4 8. Be2 Bxf3 9. Bxf3 O-O 10. O-O Qd6 11. Re1 Nbd7 12. Qd2 e5 13. dxe5 Nxe5 14. Be2 Nfg4 15. Bf4 Rxf4 16. Qxf4 Nf3+ 17. gxf3 Qxf4 18. fxg4 Bd4 19. Rf1 Be5 20. Kg2 Rf8 21. Rh1 Qxf2+ 22. Kh3 Qe3+ 0-1


[Site "https://www.chess.com"]

[Event "Titled Tuesday Blitz August 08 Late 2023"]
[White "ChessSG1"]
[Black "Rosen, Eric"]
[BlackFideId "2032562"]
[WhiteElo "2465"]
[BlackElo "2617"]
[Result "1-0"]
[Round "5"]
[TimeControl "180+1"]
[Date "2023.08.08"]
[WhiteClock "0:00:15"]
[BlackClock "0:00:05"]
[Board "78"]

1. Nf3 d5 2. d4 Nf6 3. c4 e6 4. g3 dxc4 5. Bg2 Bb4+ 6. Nbd2 b5 7. a4 c6 8. O-O O-O 9. Ne1 Nd5 10. Nc2 Be7 11. e4 Nf6 12. e5 Nd5 13. Ne4 Nd7 14. Ne3 Bb7 15. h4 Re8 16. Qg4 c5 17. Nxd5 Bxd5 18. Bh6 Bf8 19. Bg5 Qc7 20. dxc5 Nxe5 21. Qh5 f5 22. Bf4 Bxe4 23. Bxe4 g6 24. Qe2 fxe4 25. Qxe4 Qxc5 26. Bxe5 b4 27. Rac1 Rac8 28. Rfd1 Qc6 29. Qe2 Bg7 30. Bxg7 Kxg7 31. Rd4 c3 32. Qe5+ Kg8 33. bxc3 bxc3 34. Rc2 Re7 35. Rd3 Qxa4 36. Rdxc3 Qxc2 37. Rxc2 Rxc2 38. Qb8+ Kf7 39. Qf4+ Kg8 40. Qb8+ Kg7 41. Qe5+ Kf8 42. Qh8+ Kf7 43. Qxh7+ Ke8 44. Qxg6+ Kd8 45. Qxc2 a5 46. Qd2+ Kc8 47. Qxa5 e5 48. Qa8+ Kd7 49. Qb7+ Ke6 50. Qc6+ Kf7 51. Kg2 e4 52. h5 e3 53. fxe3 Kg8 54. Qg6+ Kf8 55. Qf6+ Rf7 56. Qxf7+ Kxf7 57. Kf3 Kg7 58. g4 Kh6 59. Kf4 Kg7 60. e4 Kf6 61. e5+ Kf7 62. Ke4 Kg7 63. Kd5 Kg8 64. Kd6 Kf8 65. e6 Ke8 66. h6 Kf8 67. h7 Kg7 68. e7 Kg6 69. e8=Q+ Kg7 70. h8=Q# 1-0


[Site "https://www.chess.com"]

[Event "Titled Tuesday Blitz August 08 Late 2023"]
[White "Arabidze, Meri"]
[Black "Vovk, Orest"]
[WhiteFideId "13604040"]
[BlackFideId "14113490"]
[WhiteElo "2610"]
[BlackElo "2462"]
[Result "1-0"]
[Round "5"]
[TimeControl "180+1"]
[Date "2023.08.08"]
[WhiteClock "0:01:05"]
[BlackClock "0:00:00"]
[Board "79"]

1. d4 e5 2. dxe5 Nc6 3. Bf4 Qe7 4. Nc3 Qb4 5. Qc1 Qa5 6. Nf3 Bb4 7. Bd2 Nxe5 8. a3 Nxf3+ 9. gxf3 Be7 10. e4 Qh5 11. Be2 d6 12. Nd5 Bd8 13. Bc3 Qg6 14. h4 Ne7 15. Nf4 Qh6 16. h5 Ng6 17. Nd5 Bg5 18. Bd2 f6 19. Bxg5 fxg5 20. Nxc7+ Kd8 21. Nxa8 Nf4 22. Qd2 Bd7 23. O-O-O Ke7 24. Nc7 Rc8 25. Nd5+ Nxd5 26. exd5 Qf6 27. Kb1 Bf5 28. Bd3 Bxd3 29. Qxd3 h6 30. Rhe1+ Kf8 31. Re6 Qf4 32. Qe4 1-0


[Site "https://www.chess.com"]

[Event "Titled Tuesday Blitz August 08 Late 2023"]
[White "Ozates, Tuna"]
[Black "Delorme, Axel"]
[WhiteFideId "6354521"]
[BlackFideId "632023"]
[WhiteElo "2610"]
[BlackElo "2462"]
[Result "1/2-1/2"]
[Round "5"]
[TimeControl "180+1"]
[Date "2023.08.08"]
[WhiteClock "0:00:06"]
[BlackClock "0:00:06"]
[Board "80"]

1. e4 c5 2. Nf3 d6 3. c3 Nf6 4. Bd3 Nc6 5. Bc2 Bg4 6. d3 e5 7. Nbd2 Be7 8. h3 Bh5 9. Nf1 h6 10. Ng3 Bg6 11. O-O d5 12. Qe2 O-O 13. Re1 d4 14. Nh4 Re8 15. Bb3 Kh7 16. Nxg6 fxg6 17. f4 exf4 18. Bxf4 Bd6 19. Rf1 Na5 20. Bc2 Be5 21. Bxe5 Rxe5 22. Rf4 Qd6 23. Raf1 Rd8 24. Kh2 c4 25. R4f3 dxc3 26. bxc3 cxd3 27. Rxd3 Qe7 28. Rxd8 Qxd8 29. Qf2 Nc6 30. Rd1 Qe7 31. Bb3 Nxe4 32. Nxe4 Rxe4 33. Qd2 Re2 34. Qd3 Qe5+ 35. Kh1 Qe4 36. Qg3 Re3 37. Qf2 Qe7 38. Rf1 a5 39. Qd2 Re2 40. Qd3 Re1 41. Bc2 Rxf1+ 42. Qxf1 Qf6 43. Qd3 Ne5 44. Qe4 Qf1+ 45. Kh2 Qf6 46. Bb3 h5 47. Bd1 Kh6 48. Qe3+ Qg5 49. Qe4 h4 50. Be2 Qg3+ 51. Kh1 Qg5 52. Kh2 Qg3+ 53. Kh1 Qe1+ 54. Kh2 Qg3+ 1/2-1/2


[Site "https://www.chess.com"]

[Event "Titled Tuesday Blitz August 08 Late 2023"]
[White "Vaibhav Jayant Raut"]
[Black "whiteglovethief"]
[WhiteFideId "5089034"]
[WhiteElo "2597"]
[BlackElo "2450"]
[Result "1-0"]
[Round "5"]
[TimeControl "180+1"]
[Date "2023.08.08"]
[WhiteClock "0:00:04"]
[BlackClock "0:00:00"]
[Board "81"]

1. e4 e6 2. Qe2 d5 3. exd5 Nf6 4. dxe6 Bxe6 5. Nf3 Be7 6. d4 O-O 7. Be3 Bg4 8. h3 Bh5 9. Nc3 Bb4 10. g4 Bg6 11. Bg2 Nd5 12. Qd2 c6 13. O-O Qa5 14. a3 Bxc3 15. bxc3 Qxc3 16. Rab1 Qxd2 17. Bxd2 Nb6 18. Rbc1 N8d7 19. Ne5 Nxe5 20. dxe5 Nc4 21. Bc3 Nxa3 22. Bb4 Nxc2 23. Bxf8 Kxf8 24. f4 Bd3 25. Rf3 Be4 26. Rb3 Nd4 27. Rxb7 Ne2+ 28. Kf2 Nxc1 29. Bxe4 a5 30. Rb1 Na2 31. Bxc6 Rc8 32. Rb6 Nb4 33. Be4 Rc3 34. f5 Nd3+ 35. Ke3 Nc5+ 36. Kd4 Nxe4 37. Kxe4 Rxh3 38. Ra6 Ra3 39. f6 gxf6 40. exf6 Ke8 41. Ra7 h6 42. Kf4 a4 43. Re7+ Kf8 44. Ra7 Kg8 45. Kf5 Ra1 46. Ra8+ Kh7 47. Ra7 Rf1+ 48. Ke5 Kg6 49. Rxa4 Rxf6 50. Ra2 Kg5 51. Ra8 Re6+ 52. Kd5 Kxg4 53. Rf8 Rf6 54. Ke5 Rf5+ 55. Ke4 h5 56. Rg8+ Rg5 57. Rh8 h4 58. Ke3 Kg3 59. Ke2 Rf5 60. Rg8+ Rg5 61. Rxg5+ Kf4 62. Rg7 h3 63. Kf2 f5 64. Rg3 h2 65. Rh3 Kg4 66. Rxh2 1-0


[Site "https://www.chess.com"]

[Event "Titled Tuesday Blitz August 08 Late 2023"]
[White "Kielinkei"]
[Black "Chen, Max"]
[BlackFideId "2622440"]
[WhiteElo "2449"]
[BlackElo "2592"]
[Result "0-1"]
[Round "5"]
[TimeControl "180+1"]
[Date "2023.08.08"]
[WhiteClock "0:00:00"]
[BlackClock "0:00:27"]
[Board "82"]

1. Nf3 Nf6 2. c4 e6 3. d4 d5 4. e3 Be7 5. Nc3 O-O 6. Bd3 dxc4 7. Bxc4 c5 8. O-O Nc6 9. b3 a6 10. Bb2 cxd4 11. exd4 b5 12. Bd3 Bb7 13. Qe2 Nb4 14. Bb1 Nbd5 15. Nxd5 Qxd5 16. Bd3 Qh5 17. Ne5 Qg5 18. f4 Qh6 19. f5 exf5 20. Bxf5 Rad8 21. Rad1 Nd5 22. Bc1 Bg5 23. Bxg5 Qxg5 24. Bxh7+ Kxh7 25. Nxf7 Qe3+ 26. Qxe3 Nxe3 27. Nxd8 Rxd8 28. Rfe1 Nxd1 29. Rxd1 Kg6 30. Kf2 Kf5 31. Ke3 Re8+ 32. Kf2 Ke6 33. a4 Bd5 34. axb5 axb5 35. b4 Bc4 36. Re1+ Kd7 37. Ra1 Kd6 38. Ra7 Re7 39. Ra6+ Kd5 40. g4 Kxd4 41. g5 Kc3 42. h4 Kxb4 43. h5 Kc3 44. h6 gxh6 45. gxh6 b4 0-1


[Site "https://www.chess.com"]

[Event "Titled Tuesday Blitz August 08 Late 2023"]
[White "WindWhistler11"]
[Black "Sun, Rick"]
[BlackFideId "30909481"]
[WhiteElo "2434"]
[BlackElo "2583"]
[Result "0-1"]
[Round "5"]
[TimeControl "180+1"]
[Date "2023.08.08"]
[WhiteClock "0:00:11"]
[BlackClock "0:00:14"]
[Board "83"]

1. Nf3 d6 2. g3 Nf6 3. Bg2 g6 4. O-O Bg7 5. d4 O-O 6. b3 e5 7. dxe5 Nfd7 8. Bb2 Nc6 9. c4 dxe5 10. Nc3 f5 11. e4 f4 12. Nd5 Nc5 13. Ba3 b6 14. b4 Ne6 15. b5 Ncd4 16. Bxf8 Qxf8 17. Nxd4 Nxd4 18. Bf3 Bh3 19. Bg4 Bxf1 20. Qxf1 h5 21. Bd7 Qc5 22. Kh1 Rf8 23. Qh3 fxg3 24. Qxg3 Kh7 25. Rg1 Qd6 26. Rg2 Ne2 27. Qg5 Nf4 28. Bh3 Nxh3 29. Qh4 Nf4 30. Rg3 Nxd5 31. cxd5 Rxf2 32. Rxg6 Rf1+ 33. Kg2 Rg1+ 34. Kxg1 Qxg6+ 35. Kf2 Qg4 36. Qxg4 hxg4 37. Kg3 Bf8 38. Kxg4 Kg6 39. h4 Be7 40. h5+ Kh6 41. Kf5 Bd6 42. Ke6 Kxh5 43. Kd7 Kg5 44. Kc8 Kf4 45. Kb7 Kxe4 46. Kxa7 Kxd5 47. a4 Kc5 48. Ka6 Kb4 0-1


[Site "https://www.chess.com"]

[Event "Titled Tuesday Blitz August 08 Late 2023"]
[White "Barria Santos, Jose Guilherme"]
[Black "chessmateto"]
[WhiteFideId "1939300"]
[WhiteElo "2579"]
[BlackElo "2434"]
[Result "1-0"]
[Round "5"]
[TimeControl "180+1"]
[Date "2023.08.08"]
[WhiteClock "0:00:13"]
[BlackClock "0:00:07"]
[Board "84"]

1. d4 d5 2. c4 c6 3. Nf3 Nf6 4. Nc3 e6 5. e3 Nbd7 6. b3 Bd6 7. Bb2 O-O 8. Bd3 b6 9. O-O Bb7 10. e4 e5 11. exd5 cxd5 12. Nb5 Bb8 13. dxe5 Ng4 14. h4 Ndxe5 15. Nxe5 Nxe5 16. Bxe5 Bxe5 17. Qh5 f5 18. Rad1 Qf6 19. cxd5 Bxd5 20. Bxf5 g6 21. Qg4 Bxg2 22. Be6+ Kh8 23. Kxg2 h5 24. Qh3 Rae8 25. Bd5 Bf4 26. Bf3 Bh6 27. Nc7 Re5 28. Nd5 Qg7 29. Nc3 g5 30. hxg5 Qxg5+ 31. Kh1 Ref5 32. Ne4 Qe7 33. Bg2 Rf4 34. Rd7 R4f7 35. Rxe7 Rxe7 36. Qxh5 Rh7 37. Rd1 Bf4 38. Qxh7+ Kxh7 39. Rd7+ Kg6 40. Rxa7 Kf5 41. Rb7 Rh8+ 42. Kg1 Bh2+ 43. Kf1 Be5 44. Rxb6 Rh1+ 45. Bxh1 Kf4 46. Ng3 Kg4 47. Rb4+ Kh3 48. Bg2+ Kh2 49. Rh4# 1-0


[Site "https://www.chess.com"]

[Event "Titled Tuesday Blitz August 08 Late 2023"]
[White "Krishnan, Varun"]
[Black "Ladan, Nicholas"]
[WhiteFideId "5054508"]
[BlackFideId "30918855"]
[WhiteElo "2571"]
[BlackElo "2432"]
[Result "1-0"]
[Round "5"]
[TimeControl "180+1"]
[Date "2023.08.08"]
[WhiteClock "0:02:26"]
[BlackClock "0:00:43"]
[Board "85"]

1. Nf3 d5 2. d4 Nf6 3. c4 c6 4. Nc3 e6 5. e3 Nbd7 6. Qc2 Bd6 7. Be2 dxc4 8. Bxc4 b5 9. Bd3 Bb7 10. O-O O-O 11. e4 e5 12. Bg5 a6 13. Rad1 Qc7 14. dxe5 Nxe5 15. Nxe5 Bxe5 16. f4 Bd4+ 17. Kh1 Ng4 18. e5 Ne3 19. Bxh7+ Kh8 20. Qd3 Nxd1 21. Qh3 Bc8 22. Bf5+ 1-0


[Site "https://www.chess.com"]

[Event "Titled Tuesday Blitz August 08 Late 2023"]
[White "Shapiro, Viktor"]
[Black "Nilsen, Tobias Lang"]
[WhiteFideId "4175700"]
[BlackFideId "1521624"]
[WhiteElo "2564"]
[BlackElo "2430"]
[Result "1/2-1/2"]
[Round "5"]
[TimeControl "180+1"]
[Date "2023.08.08"]
[WhiteClock "0:00:12"]
[BlackClock "0:00:24"]
[Board "86"]

1. c4 c5 2. Nc3 g6 3. g3 Bg7 4. Bg2 Nc6 5. Nf3 d6 6. d3 Bf5 7. h3 Qd7 8. g4 Be6 9. Ng5 Nf6 10. a3 a6 11. Rb1 Rb8 12. Bd2 b5 13. cxb5 axb5 14. b4 c4 15. Nxe6 fxe6 16. dxc4 bxc4 17. g5 Nh5 18. b5 Nd4 19. e3 Nxb5 20. Qa4 Bxc3 21. Bxc3 O-O 22. O-O d5 23. Rb4 Rb7 24. Qa6 Rfb8 25. Be5 Nd6 26. Rfb1 Rxb4 27. axb4 Ng7 28. e4 Qb5 29. Qa7 Rb7 30. Qa8+ Rb8 31. Qa1 Nge8 32. exd5 exd5 33. Rd1 e6 34. Bxd6 Nxd6 35. Qf6 Qd7 36. Rxd5 exd5 37. Bxd5+ Nf7 38. Be6 Qc7 39. b5 Rxb5 40. Kg2 Rxg5+ 41. Qxg5 Qc6+ 42. Qd5 Qxd5+ 43. Bxd5 c3 44. Bb3 Kg7 45. Kf3 Kf6 46. Ke3 Nd6 47. Kd3 Ke5 48. f3 Nb5 49. Bg8 h6 50. Bh7 g5 51. Bg6 Nd4 52. Be4 c2 53. Kd2 Nxf3+ 54. Bxf3 Kf4 55. Bh5 Kg3 56. Bg4 Kh4 57. Bf5 h5 58. Kxc2 g4 59. Bxg4 hxg4 60. hxg4 Kxg4 1/2-1/2


[Site "https://www.chess.com"]

[Event "Titled Tuesday Blitz August 08 Late 2023"]
[White "Karas, Marek"]
[Black "Attacker_2006"]
[WhiteFideId "14928558"]
[WhiteElo "2429"]
[BlackElo "2563"]
[Result "0-1"]
[Round "5"]
[TimeControl "180+1"]
[Date "2023.08.08"]
[WhiteClock "0:00:00"]
[BlackClock "0:00:09"]
[Board "87"]

1. Nf3 Nf6 2. g3 c5 3. Bg2 b6 4. c4 Bb7 5. O-O e6 6. b3 d5 7. cxd5 Nxd5 8. Bb2 Nd7 9. Nc3 N7f6 10. d4 cxd4 11. Qxd4 Bc5 12. Qh4 O-O 13. Nxd5 Nxd5 14. Qg4 Nf6 15. Qh4 Ne4 16. Ng5 Qxg5 17. Qxg5 Nxg5 18. Bxb7 Rad8 19. Rfd1 Nh3+ 20. Kg2 Rxd1 21. Rxd1 Nxf2 22. Rd7 Ng4 23. Bf3 Ne3+ 24. Kh3 a5 25. g4 h6 26. Kg3 f6 27. h4 Rf7 28. Rd8+ Kh7 29. Be4+ f5 30. gxf5 exf5 31. Bd3 h5 32. Be5 Nf1+ 33. Kf3 Be7 34. Rd7 g5 35. hxg5 Nd2+ 36. Kg2 Kg6 37. Bf4 Ne4 38. Bxe4 fxe4 39. Rb7 Rxf4 40. Rxe7 Kxg5 41. Re6 h4 42. Rxb6 e3 43. Rb5+ Kg4 44. Rxa5 Rf2+ 45. Kg1 Rxe2 46. Ra8 h3 47. Rg8+ Kf4 48. Rf8+ Ke4 49. Rh8 h2+ 50. Kh1 Rf2 51. Rh4+ Kd3 52. Rh8 e2 53. Rd8+ Kc3 54. Rc8+ Kb2 55. Re8 Rf1+ 56. Kxh2 e1=Q 0-1


[Site "https://www.chess.com"]

[Event "Titled Tuesday Blitz August 08 Late 2023"]
[White "Kupervaser, Erez"]
[Black "Zirkelbach, Maj"]
[WhiteFideId "2814587"]
[BlackFideId "14613395"]
[WhiteElo "2426"]
[BlackElo "2562"]
[Result "0-1"]
[Round "5"]
[TimeControl "180+1"]
[Date "2023.08.08"]
[WhiteClock "0:00:19"]
[BlackClock "0:00:13"]
[Board "88"]

1. e4 e5 2. Nf3 Nc6 3. Bb5 Nf6 4. d3 Bc5 5. Bxc6 dxc6 6. Nc3 O-O 7. O-O Nd7 8. Ne2 Re8 9. Ng3 Bf8 10. h3 Nc5 11. b3 f6 12. Nh4 Be6 13. Ngf5 g6 14. Ng3 Qd7 15. Kh1 Rad8 16. f4 Bxh3 17. fxe5 fxe5 18. Bg5 Bg4 19. Qe1 Be7 20. Qe3 Ne6 21. Bxe7 Qxe7 22. Nf3 Bxf3 23. Rxf3 Qh4+ 24. Kg1 Rf8 25. Raf1 Rxf3 26. Rxf3 Nf4 27. Nf1 Qg4 28. Rf2 Rf8 29. Nh2 Qd1+ 30. Rf1 Ne2+ 31. Kh1 Rxf1+ 32. Nxf1 Qxf1+ 33. Kh2 Qf4+ 34. Qxf4 exf4 0-1


[Site "https://www.chess.com"]

[Event "Titled Tuesday Blitz August 08 Late 2023"]
[White "Nathan, Nitish"]
[Black "Mendez Fortes, Eduardo Jesus"]
[WhiteFideId "30927870"]
[BlackFideId "3502376"]
[WhiteElo "2418"]
[BlackElo "2562"]
[Result "1-0"]
[Round "5"]
[TimeControl "180+1"]
[Date "2023.08.08"]
[WhiteClock "0:01:38"]
[BlackClock "0:00:43"]
[Board "89"]

1. d4 Nf6 2. Bf4 d5 3. e3 c5 4. Nf3 Nc6 5. Nbd2 Qb6 6. dxc5 Qxb2 7. Rb1 Qc3 8. Bb5 e6 9. O-O Be7 10. Ne5 Bd7 11. Nd3 O-O 12. Bc7 Ne4 13. Nxe4 dxe4 14. Ne5 Nxe5 15. Bxe5 Qxe5 16. Qxd7 Bxc5 17. Qxb7 Bb6 18. Rfd1 f5 19. Rd7 f4 20. exf4 Qc3 21. Qxe4 Kh8 22. Bd3 g6 23. Rxh7+ Kxh7 24. Qxg6+ 1-0


[Site "https://www.chess.com"]

[Event "Titled Tuesday Blitz August 08 Late 2023"]
[White "Przybylski, Wojciech"]
[Black "Lacey, Patrick"]
[WhiteFideId "1117599"]
[BlackFideId "2032007"]
[WhiteElo "2558"]
[BlackElo "2415"]
[Result "1-0"]
[Round "5"]
[TimeControl "180+1"]
[Date "2023.08.08"]
[WhiteClock "0:00:14"]
[BlackClock "0:00:00"]
[Board "90"]

1. d4 d5 2. g3 Nc6 3. Bg2 Nf6 4. e3 Bg4 5. Nf3 e5 6. h3 Bh5 7. g4 e4 8. gxh5 exf3 9. Bxf3 Bd6 10. Rg1 O-O 11. Nc3 h6 12. Bd2 Ne7 13. Qe2 Kh8 14. O-O-O c6 15. e4 dxe4 16. Nxe4 Nxe4 17. Qxe4 Nd5 18. c4 Nf6 19. Qf5 Qc8 20. Qxc8 Raxc8 21. Rde1 Rcd8 22. Kc2 Rd7 23. a3 Rfd8 24. Bc3 Bc7 25. b4 Bb6 26. c5 Bc7 27. Bb2 Bf4 28. Re2 Kg8 29. Rge1 Kf8 30. a4 Bg5 31. b5 Nd5 32. Re4 Bf6 33. Bg4 Rc7 34. Kb3 b6 35. Ba3 Be7 36. bxc6 bxc5 37. dxc5 Rxc6 38. Rc4 Rb8+ 39. Ka2 Bf6 40. Rec1 a5 41. Bf3 Rd8 42. R1c2 Rc7 43. c6+ Ne7 44. Rc5 Ke8 45. Rxa5 Nc8 46. Rd5 Be7 47. Re5 Kf8 48. Bxe7+ Nxe7 49. Be2 Rxc6 50. Rxc6 Nxc6 51. Re4 Rd2+ 52. Kb3 Rd5 53. Bb5 Nd4+ 54. Kc4 Nxb5 55. axb5 Rd8 56. Kc5 f5 57. Re5 Kf7 58. b6 Kf6 59. f4 1-0


[Site "https://www.chess.com"]

[Event "Titled Tuesday Blitz August 08 Late 2023"]
[White "Keleberda, Tymur"]
[Black "Slovineanu, Viacheslav"]
[WhiteFideId "14174294"]
[BlackFideId "13900510"]
[WhiteElo "2550"]
[BlackElo "2414"]
[Result "1-0"]
[Round "5"]
[TimeControl "180+1"]
[Date "2023.08.08"]
[WhiteClock "0:02:15"]
[BlackClock "0:01:13"]
[Board "91"]

1. e4 e5 2. Nf3 f5 3. Nxe5 Qf6 4. Nc4 fxe4 5. Nc3 Qg6 6. d3 Bb4 7. Bd2 Bxc3 8. Bxc3 Nf6 9. Ne3 O-O 10. dxe4 Qxe4 11. Bd3 Qe8 12. O-O d5 13. Bxf6 Rxf6 14. Nxd5 Rh6 15. Re1 Qh5 16. Qxh5 Rxh5 17. Nxc7 1-0


[Site "https://www.chess.com"]

[Event "Titled Tuesday Blitz August 08 Late 2023"]
[White "Bueno, Alfeu Junior Varela"]
[Black "Janaszak, Dawid"]
[WhiteFideId "2108879"]
[BlackFideId "1119206"]
[WhiteElo "2413"]
[BlackElo "2547"]
[Result "1-0"]
[Round "5"]
[TimeControl "180+1"]
[Date "2023.08.08"]
[WhiteClock "0:00:02"]
[BlackClock "0:00:00"]
[Board "92"]

1. e4 e5 2. Nc3 Nf6 3. f4 d5 4. fxe5 Nxe4 5. Qf3 Nc6 6. Bb5 Bc5 7. Nxe4 dxe4 8. Qxe4 O-O 9. Bxc6 bxc6 10. Nf3 Ba6 11. d4 Be7 12. Qxc6 Qc8 13. Bd2 Rd8 14. O-O-O Rb8 15. Qe4 Qe6 16. b3 Bc4 17. Bc3 Ba3+ 18. Bb2 Bd5 19. Qe2 Be7 20. c4 Ba8 21. d5 Qa6 22. Kb1 Qg6+ 23. Ka1 a5 24. Nd4 a4 25. bxa4 Qa6 26. Qc2 Rb4 27. Nb5 Rxa4 28. Nxc7 Rxa2+ 29. Kb1 Qa7 30. Nb5 Qa6 31. Nc3 Ra5 32. Nb5 Rb8 33. d6 Bf8 34. d7 Raxb5 35. cxb5 Qb6 36. Qc8 Be4+ 37. Kc1 Qe3+ 38. Rd2 Qb3 39. Qxb8 Qc4+ 40. Kd1 Qb3+ 41. Ke1 Qe3+ 42. Re2 1-0


[Site "https://www.chess.com"]

[Event "Titled Tuesday Blitz August 08 Late 2023"]
[White "maksimys18"]
[Black "Czerw, Dawid"]
[BlackFideId "1145746"]
[WhiteElo "2412"]
[BlackElo "2538"]
[Result "1-0"]
[Round "5"]
[TimeControl "180+1"]
[Date "2023.08.08"]
[WhiteClock "0:01:21"]
[BlackClock "0:01:44"]
[Board "93"]

1. d4 Nf6 2. Nf3 c5 3. c4 cxd4 4. Nxd4 Nc6 5. Nc3 g6 6. Bg5 Bg7 7. e3 O-O 8. Be2 d6 9. O-O Bd7 10. Bf3 a6 11. Qc2 Rc8 12. b3 Ne5 13. Bxb7 Rc7 14. Bxa6 h6 15. Bh4 g5 16. Bg3 Nh5 17. Nd5 Ra7 18. Bb5 Nxg3 19. hxg3 e6 20. Nc3 Ng4 21. Bxd7 Rxd7 22. a4 Qf6 23. a5 d5 24. a6 dxc4 25. bxc4 Ra8 26. Qe4 Rda7 27. Qxg4 Rxa6 28. Rxa6 Rxa6 29. c5 Qe5 30. c6 Qc5 31. Ncb5 Ra4 32. c7 Rc4 33. Qe4 Bxd4 34. exd4 Qxb5 35. Qa8+ Kg7 36. c8=Q Rc1 37. Qh8+ Kg6 38. Rxc1 1-0


[Site "https://www.chess.com"]